 Dungeon Crawl Stone Soup version 0.22-a0-248-gc8378ba3fb (webtiles) character file.

45 RedPan the Slasher (level 3, -3/29 HPs)
             Began as a Demonspawn Monk on Feb 28, 2018.
             Slain by a worm (10 damage)
             ... on level 2 of the Dungeon.
             The game lasted 00:01:48 (1193 turns).

RedPan the Slasher (Demonspawn Monk)                Turns: 1193, Time: 00:01:49

Health: -3/29      AC:  2    Str: 12    XL:     3   Next: 42%
Magic:  3/3        EV: 13    Int: 11    God:
Gold:   61         SH:  0    Dex: 15    Spells: 2/2 levels left

rFire    . . .     SeeInvis .   a - +0 falchion
rCold    . . .     Gourm    .   (no shield)
rNeg     . . .     Faith    .   b - +0 robe
rPois    .         Spirit   .   (helmet restricted)
rElec    .         Reflect  .   (no cloak)
rCorr    .         Harm     .   (no gloves)
MR       .....                  (no boots)
Stlth    ++........             (no amulet)
HPRegen  0.09/turn              (no ring)
MPRegen  0.08/turn              (no ring)

@: no status effects
A: horns 1
a: no special abilities


You were on level 2 of the Dungeon.
You were hungry.

You visited 1 branch of the dungeon, and saw 2 of its levels.

You collected 61 gold pieces.

Inventory:

Hand Weapons
 a - a +0 falchion (weapon)
Armour
 b - a +0 robe (worn)
Scrolls
 d - a scroll of amnesia {unknown}
 e - a scroll of fog
 f - 2 scrolls of remove curse
 i - a scroll of identify {unknown}
Potions
 g - 3 potions of curing {unknown}
 h - 2 potions of agility {unknown}
Comestibles
 c - 4 rations


   Skills:
 - Level 3.0 Fighting
 * Level 3.7 Long Blades
 + Level 3.2 Dodging
 - Level 1.7 Stealth


You had 2 spell levels left.
You didn't know any spells.

Dungeon Overview and Level Annotations

Branches:
Dungeon (2/15)

Altars:


Innate Abilities, Weirdness & Mutations

You have a pair of small horns on your head.


Message History

f - 2 scrolls of remove curse (gained 1)
You start resting.
A worm comes into view.
The worm bites you!
You barely miss the worm. The worm closely misses you.
You hit the worm.
The worm is moderately wounded.
You barely miss the worm.
The worm is moderately wounded.
The worm closely misses you.
You hit the worm.
The worm is moderately wounded.
The worm bites you!
* * * LOW HITPOINT WARNING * * *
You barely miss the worm. You headbutt the worm.
The worm is severely wounded.
You hit the worm.
The worm is severely wounded.
The worm bites you!
You die...

#.......#.# ....#
#.#.......##.# #.....
#.#....#####.# #....
#......# #?# #...
#.####.#######.## #..
#.........(.....# #.#
#######.######..###.###
g #.######..#.....#....
#.....@w>............
#.....###.#.#.#.#....
..............#.#...#.#
...
########....#.#.##### #
# #..........
#.......#.# #.......#.#
#.##.####.# #. #..


You could see a worm.

Vanquished Creatures
  An adder (D:2)
  An ooze (D:1)
  A dart slug (D:2)
  2 leopard geckos
  5 bats
  5 goblins (D:1)
  3 hobgoblins (D:1)
  A quokka (D:2)
  A ball python (D:1)
  4 frilled lizards
  2 kobolds (D:1)
  2 rats
28 creatures vanquished.

Notes
Turn   | Place    | Note
-------+----------+-------------------------------------------
     0 | D:1      | RedPan the Demonspawn Monk began the quest for the Orb.
     0 | D:1      | Reached XP level 1. HP: 18/18 MP: 1/1
   152 | D:1      | Gained mutation: You have a pair of small horns on your head. [demonic ancestry]
   152 | D:1      | Reached XP level 2. HP: 12/24 MP: 2/2
   995 | D:2      | Reached XP level 3. HP: 29/29 MP: 3/3
  1193 | D:2      | Slain by a worm

Vault maps used:
D:1:      saegor_arrival_simple_d, minmay_box_of_dots
D:2:      minmay_wonky_spiral, first_ration

Skill      XL: |  1  2 |
---------------+-------+-----
Long Blades    | 3 |  3.7
Dodging        | 3 |  3.2
Fighting       | |  3.0
Stealth        | |  1.7

Action                   || total
-------------------------++-------
Melee: Falchion          ||    82
       Headbutt          ||     9
  Use: Scroll            ||     2
 Stab: Sleeping          ||     7
Armor: Robe              ||    14
Dodge: Dodged            ||    62
       Rpst.: Falchion   ||    13

Table legend:
 A = Spawn XP
 B = Non-spawn XP
 C = Spawn XP percentage of total XP
 D = Spawn monster count
 E = Non-spawn monster count
 F = Spawn count percentage of total count
 G = Total turns spent on level
                    A         B        C        D         E        F      G
               +---------+---------+-------+---------+---------+-------+---------
         Total |       0 |      65 |   0.0 |       0 |      28 |   0.0 |  1193
               +---------+---------+-------+---------+---------+-------+---------
           D:1 |       0 |      39 |   0.0 |       0 |      21 |   0.0 |   968
           D:2 |       0 |      26 |   0.0 |       0 |       7 |   0.0 |   225
               +---------+---------+-------+---------+---------+-------+---------
